 Dungeon Crawl Stone Soup version 0.18-a0-1496-g27d3123 (webtiles) character file.

420 Arkorax the Insei (level 6, -1/40 HPs)
             Began as a Tengu Monk on Mar 4, 2016.
             Slain by Menkaure (11 damage)
             ... on level 4 of the Dungeon.
             The game lasted 00:03:31 (3040 turns).

Arkorax the Insei (Tengu Monk)                      Turns: 3040, Time: 00:03:31

Health: -1/40      AC:  5    Str: 12    XL:     6   Next: 94%
Magic:  7/7        EV: 12    Int: 10    God:
Gold:   83         SH:  0    Dex: 18    Spells: 0 memorised, 5 levels left

rFire  . . .     SeeInvis .       - Unarmed
rCold  . . .     Gourm    .     h - +0 ring mail
rNeg   . . .     Faith    .     (no shield)
rPois  .         Spirit   .     (helmet restricted)
rElec  .         Dismiss  .     (no cloak)
rCorr  .         Reflect  .     (no gloves)
SustAt .         Harm     .     (boots unavailable)
MR     .....                    (no amulet)
Stlth  ++........               (no ring)
                                (no ring)

@: not resistant to hostile enchantments, unstealthy
A: beak, talons 3, subdued magic 1, able to fly 1
a: Fly


You were on level 4 of the Dungeon.
You were not hungry.

You visited 1 branch of the dungeon, and saw 4 of its levels.

You collected 183 gold pieces.
You spent 100 gold pieces at shops.

Inventory:

Hand Weapons
 a - a cursed -3 dagger
Armour
 h - a +0 ring mail (worn)
Jewellery
 g - a cursed ring of loudness {unknown}
 k - an uncursed ring of flight {unknown}
 o - a cursed amulet of magic regeneration {unknown}
Wands
 p - a wand of polymorph (9/24)
 s - a wand of polymorph (16/24)
Scrolls
 d - 3 scrolls of amnesia {unknown}
 e - 7 scrolls of identify {unknown}
 f - 3 scrolls of remove curse {unknown}
 j - 4 scrolls of recharging {unknown}
 m - 2 scrolls of enchant weapon {unknown}
 n - 2 scrolls of enchant armour {unknown}
 r - a scroll of blinking {unknown}
 u - 2 scrolls of teleportation {unknown}
Potions
 i - a potion of resistance {unknown}
 l - a potion of magic {unknown}
 q - a potion of mutation {unknown}
 t - 2 potions of lignification {unknown}
 v - a potion of flight {unknown}
 A - a potion of degeneration {unknown}
Comestibles
 b - 2 bread rations
 c - a royal jelly
 w - a beef jerky
 z - 11 fruits


   Skills:
 + Level 5.0 Fighting
 - Level 3.2 Dodging
 - Level 2.0 Stealth
 * Level 7.5 Unarmed Combat


You had 5 spell levels left.
You didn't know any spells.

Dungeon Overview and Level Annotations

Branches:
Dungeon (4/15)
 Temple: D:4-7

Altars:
Cheibriados
Qazlal

Shops:
D:4 !

Annotations:
D:4 Menkaure


Innate Abilities, Weirdness & Mutations

You have a beak for a mouth.
You have claws for feet.
You can fly.
Your spells are a little easier to cast, but a little less powerful.


Message History

Menkaure is severely damaged.
Menkaure hits you.
You hit Menkaure but do no damage. You claw Menkaure.
You peck Menkaure, but do no damage.
Menkaure is severely damaged.
Menkaure points at you and mumbles some strange words.
Pain shoots through your body!
* * * LOW HITPOINT WARNING * * *
You are too injured to fight recklessly!
You are too injured to fight recklessly!
You are too injured to fight recklessly!
You are too injured to fight recklessly!
You are too injured to fight recklessly!
You barely miss Menkaure. You claw Menkaure, but do no damage.
Your peck misses Menkaure.
Menkaure is severely damaged.
You hit Menkaure. You peck Menkaure, but do no damage.
Menkaure is almost destroyed.
Menkaure hits you!
You die...

.#.# #...........#.# #.# .#.#
#.#########.#.# #.#
.#.#####.#########.#.# #.#
....................>#####.##
.#.......#########.#........#
.#.###.........###.#.########
.#...............#.#.#
.#.................#.#
.#.###.........#@###.# .#.#
#.........#M# #.#
.#.#####...#####.. ..#
......# ...# ####### ......#
#### ......# .#+#### .# .#


You could see Menkaure.

Vanquished Creatures
  A sky beast (D:4)
  The ghost of Shelf the Insei, an amateur DsMo (D:3)
  An orc priest (D:3)
  2 hounds (D:4)
  A worker ant (D:4)
  2 adders
  3 gnolls (D:4)
  An ooze (D:1)
  An adder skeleton (D:4)
  2 worms (D:4)
  2 dart slugs
  3 orcs (D:3)
  4 bats
  9 giant cockroaches
  4 hobgoblins
  2 jackals (D:1)
  10 kobolds
  2 quokkas
  2 ball pythons
  5 giant newts
  6 goblins
  7 rats
71 creatures vanquished.

Vanquished Creatures (others)
  An ooze (D:3)
  A worm (D:3)
2 creatures vanquished.

Grand Total: 73 creatures vanquished

Notes
Turn   | Place    | Note
--------------------------------------------------------------
     0 | D:1      | Arkorax the Tengu Monk began the quest for the Orb.
     0 | D:1      | Reached XP level 1. HP: 14/14 MP: 2/2
    59 | D:1      | Reached XP level 2. HP: 19/19 MP: 3/3
   235 | D:1      | Reached skill level 5 in Unarmed Combat
   288 | D:1      | Reached XP level 3. HP: 23/23 MP: 4/4
   624 | D:2      | Found a snail-covered altar of Cheibriados.
   678 | D:2      | Reached XP level 4. HP: 28/28 MP: 5/5
  1797 | D:3      | Reached skill level 6 in Unarmed Combat
  1797 | D:3      | Gained mutation: You can fly. [Tengu growth]
  1797 | D:3      | Reached XP level 5. HP: 26/33 MP: 6/6
  1804 | D:3      | Found a stormy altar of Qazlal.
  1852 | D:3      | Noticed Shelf's ghost (amateur DsMo)
  1867 | D:3      | Killed Shelf's ghost
  2249 | D:4      | Found Huicw's Distillery.
  2265 | D:4      | Bought a potion of heal wounds for 50 gold pieces
  2265 | D:4      | Bought a potion of heal wounds for 50 gold pieces
  2503 | D:4      | Reached XP level 6. HP: 37/39 MP: 7/7
  2594 | D:4      | Reached skill level 7 in Unarmed Combat
  2835 | D:4      | Noticed a sky beast
  2912 | D:4      | Killed a sky beast
  2912 | D:4      | Reached skill level 5 in Fighting
  2918 | D:4      | Gained mutation: Your spells are a little easier to cast, but a little less powerful. [mutagenic meat]
  3031 | D:4      | Noticed Menkaure
  3040 | D:4      | Slain by Menkaure

Vault maps used:
D:1:      onia_arrival_larder
D:2:      minmay_kobold_bridge, roderic_aztec_sauvastika, cheibriados_altar_1
D:3:      first_bread, grunt_qazlal_clouds
D:4:      serial_shops, nicolae_shop_trees, uniq_menkaure

Skill      XL: |  1  2  3  4  5  6 |
---------------+-------------------+-----
Unarmed Combat | 5 6 7 |  7.5
Fighting       | 4 5 |  5.0
Dodging        | |  3.2
Stealth        | |  2.0

Action                   |  1- 3 |  4- 6 || total
-------------------------+-------+-------++-------
Melee: Unarmed           |   115 |   121 ||   236
  Use: Potion            |       |     5 ||     5
 Stab: Sleeping          |     6 |     2 ||     8
  Eat: Chunk             |       |     4 ||     4
       Bread ration      |       |     1 ||     1
